 Dungeon Crawl Stone Soup version 0.22.1-2-g9c5b331 (webtiles) character file.

48 Matador8 the Slasher (level 4, -1/33 HPs)
             Began as a Human Gladiator on Dec 20, 2018.
             Slain by Crazy Yiuf
             ... wielding a +2 quarterstaff of chaos
              (9 damage)
             ... on level 2 of the Dungeon.
             The game lasted 00:04:37 (1233 turns).

Matador8 the Slasher (Human Gladiator)              Turns: 1233, Time: 00:04:38

Health: -1/33      AC:  4    Str: 15    XL:     4   Next: 0%
Magic:  4/4        EV: 13    Int:  9    God:
Gold:   54         SH:  0    Dex: 14    Spells: 3/3 levels left

rFire    . . .     SeeInvis .   a - +0 long sword
rCold    . . .     Gourm    .   (no shield)
rNeg     . . .     Faith    .   b - +0 leather armour
rPois    .         Spirit   .   c - +0 helmet
rElec    .         Reflect  .   (no cloak)
rCorr    .         Harm     .   (no gloves)
MR       .....                  (no boots)
Stlth    +.........             (no amulet)
HPRegen  0.11/turn              (no ring)
MPRegen  0.09/turn              (no ring)

@: no status effects
A: no striking features
a: no special abilities


You were on level 2 of the Dungeon.
You were not hungry.

You visited 1 branch of the dungeon, and saw 2 of its levels.

You collected 54 gold pieces.

Inventory:

Hand Weapons
 a - a +0 long sword (weapon)
 h - a cursed -2 hunting sling
Missiles
 k - 57 stones (quivered)
Armour
 b - a +0 leather armour (worn)
 c - a +0 helmet (worn)
Scrolls
 g - a scroll of random uselessness {unknown}
 i - a scroll of immolation {unknown}
 m - a scroll of identify {unknown}
 n - a scroll of enchant weapon {unknown}
 q - a scroll of fog {unknown}
 r - 3 scrolls of teleportation {unknown}
Potions
 e - a potion of flight {unknown}
 j - 3 potions of heal wounds {unknown}
 o - a potion of mutation {unknown}
 p - a potion of curing {unknown}
Comestibles
 f - 6 rations
 l - 2 chunks of flesh


   Skills:
 - Level 2.0 Fighting
 * Level 4.1 Long Blades
 + Level 2.7 Throwing
 - Level 3.0 Dodging


You had 3 spell levels left.
You didn't know any spells.
Your spell library was empty.

Dungeon Overview and Level Annotations

Branches:
Dungeon (2/15)

Altars:

Annotations:
D:2 Crazy Yiuf


Message History

* * * LOW HITPOINT WARNING * * *
Crazy Yiuf burns you.
* * * LOW HITPOINT WARNING * * *
Throwing (i - inventory)
k - 58 stones (quivered)
Press: ? - help, Shift-Dir - straight line, f/p - Crazy Yiuf
Aim: Crazy Yiuf, wielding a quarterstaff of chaos and wearing a cloak You throw a stone.
The stone hits Crazy Yiuf but does no damage.
Crazy Yiuf closely misses you.
You riposte.
You slash Crazy Yiuf!
Crazy Yiuf is moderately wounded.
You hit Crazy Yiuf.
Crazy Yiuf is heavily wounded.
Crazy Yiuf closely misses you.
You hit Crazy Yiuf.
Crazy Yiuf is severely wounded.
Crazy Yiuf closely misses you.
You slash Crazy Yiuf!
Crazy Yiuf is almost dead.
Crazy Yiuf hits you with a quarterstaff of chaos!
You die...

### #.#
#########.#
......)...# ####
♣♣#### ###.#######
#)..#♣♣ ♣♣.#..##
#.# ###
#(.g@.♣♣♣♣......#
#.# #.#
#...#♣..♣.♣.....#
#.# #.# ####
♣♣♣.♣..#...# # #.#
#.# ♣♣♣♣♣##.## #
#.# ##.# #.# # #.#
#..## ### ####.# #
#.# #...# #.#
#....# # #.# #.#.#
#.# #...##
#.####.#.#######.#
#...#


You could see Crazy Yiuf.

Vanquished Creatures
  A leopard gecko (D:1)
  A ball python (D:2)
  4 bats
  5 giant cockroaches
  8 goblins
  6 hobgoblins
  A quokka (D:2)
  3 frilled lizards (D:1)
  4 kobolds
  10 rats
43 creatures vanquished.

Notes
Turn   | Place    | Note
-------+----------+-------------------------------------------
     0 | D:1      | Matador8 the Human Gladiator began the quest for the Orb.
     0 | D:1      | Reached XP level 1. HP: 16/16 MP: 1/1
    70 | D:1      | Reached XP level 2. HP: 15/22 MP: 2/2
   289 | D:1      | Reached XP level 3. HP: 26/27 MP: 3/3
   809 | D:2      | Reached skill level 4 in Long Blades
  1075 | D:2      | Reached XP level 4. HP: 33/33 MP: 4/4
  1211 | D:2      | Found a runed door.
  1225 | D:2      | Noticed Crazy Yiuf
  1233 | D:2      | Slain by Crazy Yiuf

Skill      XL: |  1  2  3 |
---------------+----------+-----
Long Blades    | 4 |  4.1
Fighting       | |  2.0
Throwing       | |  2.7
Dodging        | |  3.0

Action                   |  1- 3 |  4- 6 || total
-------------------------+-------+-------++-------
Melee: Long sword        |   112 |     3 ||   115
Throw: Throwing net      |       |     3 ||     3
       Stone             |       |     1 ||     1
  Eat: Chunk             |     1 |       ||     1
Armor: Leather armour    |    28 |       ||    28
Dodge: Dodged            |    90 |     3 ||    93
       Rpst.: Long sword |    36 |     1 ||    37
